 Dungeon Crawl Stone Soup version 0.29.1-2-gbd0b4ee654 (webtiles) character file.

Game seed: 1302777041518878889

580 qeuew the Slasher (level 7, -11/52 HPs)
             Began as a Demonspawn Gladiator on Nov 2, 2022.
             Was an Initiate of Yredelemnul.
             Killed by divine providence
             ... invoked by an orc priest
              (15 damage)
             ... on level 5 of the Dungeon.
             The game lasted 00:06:08 (3188 turns).

qeuew the Slasher (Demonspawn Gladiator)            Turns: 3188, Time: 00:06:09

Health: -11/52     AC: 15    Str: 14    XL:     7   Next: 13%
Magic:  7/7        EV:  7    Int:  9    God:    Yredelemnul [......]
Gold:   271        SH: 10    Dex: 17    Spells: 6/6 levels left

rFire   . . .      SeeInvis +   a - +0 long sword
rCold   . . .      Faith    .   g - +0 buckler
rNeg    . . .      Spirit   .   m - +4 chain mail
rPois   .          Reflect  +   c - +1 helmet
rElec   .          Harm     .   (no cloak)
rCorr   .          Rampage  .   (no gloves)
Will    .....                   (no boots)
Stlth   ..........              i - amulet of reflection
HPRegen 0.17/turn               j - ring of see invisible
MPRegen 0.10/turn               (no ring)

@: no status effects
A: powered by death 1, weakness stinger 2
a: Renounce Religion, Recall Undead Harvest


You were on level 5 of the Dungeon.
You worshipped Yredelemnul.
Yredelemnul was noncommittal.
You visited 2 branches of the dungeon, and saw 6 of its levels.

You collected 271 gold pieces.

Inventory:

Hand Weapons
 a - a +0 long sword (weapon)
Missiles
 d - 2 throwing nets (quivered)
 e - a javelin
Armour
 c - a +1 helmet (worn)
 g - a +0 buckler (worn)
 m - a +4 chain mail (worn)
Jewellery
 i - an amulet of reflection (around neck)
 j - a ring of see invisible (left hand)
Wands
 n - a wand of mindburst (2)
Potions
 f - a potion of berserk rage
 h - 2 potions of brilliance
 k - 2 potions of haste
 l - a potion of flight
 p - 2 potions of curing


   Skills:
 + Level 3.1 Fighting
 + Level 4.9 Long Blades
 + Level 1.9 Throwing
 * Level 3.4 Armour
 + Level 3.6 Dodging
 * Level 2.2 Shields


You had 6 spell levels left.
You didn't know any spells.
Your spell library contained the following spells:

 Spells                   Type           Power      Damage    Failure   Level
 Poisonous Vapours        Pois/Air       0%         N/A       100%        2
 Haunt                    Necr/Summ      0%         N/A       100%        7


Dungeon Overview and Level Annotations

Branches:
Dungeon (5/15)             Temple (1/1) D:4

Altars:
Ashenzari
Cheibriados
Dithmenos
Fedhas
Gozag
Hepliaklqana
Kikubaaqudgha
Makhleb
Qazlal
Ru
Sif Muna
Uskayaw
Vehumet
Wu Jian
Yredelemnul


Innate Abilities, Weirdness & Mutations

You regenerate a little health from kills.
You have a tail ending in a sharp stinger.


Message History

You tail-slap the steam dragon, but do no damage.
The steam dragon is moderately wounded.
The steam dragon struggles against the net.
You feel much better.
The steam dragon struggles against the net.
The net rips apart, and the steam dragon comes free!
The orc priest casts a cantrip, but nothing happens.
You closely miss the steam dragon.
The steam dragon is moderately wounded.
You block the steam dragon's attack. The steam dragon completely misses you.
You hit the steam dragon.
The steam dragon is moderately wounded.
The steam dragon bites you but does no damage.
You block the steam dragon's attack.
You hit the steam dragon.
The steam dragon is heavily wounded.
The steam dragon breathes steam at you. The ball of steam hits you!!
* * * LOW HITPOINT WARNING * * *
The orc wizard gestures wildly while chanting.
The orc wizard flickers and vanishes for a moment.
You feel much better.
You are engulfed in a cloud of scalding steam.
The steam dragon bites you but does no damage.
The steam dragon barely misses you.
You hit the steam dragon.
The steam dragon is heavily wounded.
The steam dragon breathes steam at you. The ball of steam hits you!
You slash the steam dragon!
The steam dragon is almost dead.
You are engulfed in a cloud of scalding steam.
The orc priest mumbles some strange prayers to Beogh against you.
Beogh smites you!
* * * LOW HITPOINT WARNING * * *
The steam dragon barely misses you. The steam dragon closely misses you.
The orc priest mumbles some strange prayers to Beogh against you.
Beogh smites you!
You die...
Your body rises from the dead as a mindless zombie.

...... .#.# #>.###..#.#
........#.# #..####.#.#
#.....#.#.# #.###...#Z# .
#.# ##..#.# ...
#.####..#.#############o....
.............§.§@DKKoKoo.o..
#.#######....##########o....
#(...........# ...
########...# . #...# #.."#
#..... ####)..# #....
####..(...###..... ###
................. #..


You could see a steam dragon (catching breath), 2 orc priests, an orc wizard
(invisible), 2 orcs and 3 kobolds.

Vanquished Creatures
  A phantom (D:4)
  A kobold brigand (D:5)
  2 scorpions
  3 hounds
  Ijyb (D:4)
  A gnoll (D:1)
  2 adders
  A worm (D:2)
  4 dart slugs
  An orc (D:4)
  7 bats
  8 endoplasms
  3 giant cockroaches
  4 goblins
  8 hobgoblins
  11 jackals
  6 quokkas
  4 ball pythons
  5 frilled lizards
  4 kobolds
  5 rats
82 creatures vanquished.

Vanquished Creatures (collateral kills)
  A phantom (D:5)
  An ufetubus (D:5)
  A jackal (D:5)
3 creatures vanquished.

Vanquished Creatures (others)
  A scorpion zombie (D:5)
  A kobold zombie (D:5)
  A hound zombie (D:5)
  2 kobolds (D:5)
  A ball python zombie (D:4)
  A jackal zombie (D:5)
7 creatures vanquished.

Grand Total: 92 creatures vanquished

Notes
Turn   | Place    | Note
-------+----------+-------------------------------------------
     0 | D:1      | qeuew the Demonspawn Gladiator began the quest for the Orb.
     0 | D:1      | Reached XP level 1. HP: 16/16 MP: 1/1
   112 | D:1      | Gained mutation: You regenerate a little health from kills.
                  | [demonic ancestry]
   112 | D:1      | Reached XP level 2. HP: 21/22 MP: 2/2
   230 | D:1      | Reached skill level 3 in Long Blades
   230 | D:1      | Gained mutation: You have a small tail. [demonic ancestry]
   230 | D:1      | Reached XP level 3. HP: 27/27 MP: 3/3
   318 | D:1      | Reached skill level 1 in Armour
   333 | D:1      | Found a faded altar of an unknown god.
  1396 | D:3      | Gained mutation: You have a tail ending in a sharp stinger.
                  | [demonic ancestry]
  1396 | D:3      | Reached XP level 4. HP: 32/34 MP: 4/4
  2109 | D:4      | Noticed a scorpion
  2115 | D:4      | Killed a scorpion
  2116 | D:4      | Reached XP level 5. HP: 39/39 MP: 5/5
  2223 | D:4      | Found a staircase to the Ecumenical Temple.
  2255 | D:4      | Reached skill level 1 in Shields
  2256 | D:4      | Noticed a phantom
  2264 | D:4      | Killed a phantom
  2265 | D:4      | Reached skill level 4 in Long Blades
  2291 | Temple   | Entered the Ecumenical Temple
  2298 | Temple   | Became a worshipper of Yredelemnul the Dark
  2349 | D:4      | Reached XP level 6. HP: 46/46 MP: 6/6
  2375 | D:4      | Noticed Ijyb
  2388 | D:4      | Killed Ijyb
  2870 | D:5      | Entered Level 5 of the Dungeon
  2919 | D:5      | Found a burning altar of Makhleb.
  3054 | D:5      | Got Qoonoet's Atlas of the Sky and Unholy Deeds
  3159 | D:5      | Noticed a steam dragon
  3167 | D:5      | Reached * piety under Yredelemnul
  3168 | D:5      | Reached XP level 7. HP: 23/52 MP: 7/7
  3188 | D:5      | Killed from afar by an orc priest

Illustrated notes

Levels and vault maps discovered:
D:1:      dpeg_arrival_oval, layout_basic, ebering_ecumenical_altar_box
D:2:      layout_basic, nicolae_concentric_dashed_squares_wild
D:3:      layout_loops_corners
D:4:      layout_loops_cross, mainiacjoe_overflow_24_doors,
          minmay_temple_entry_statues_pillars,
          minmay_fractal_squares_diagonal_5, uniq_ijyb
D:5:      layout_basic, mainiacjoe_overflow_boulevard
Temple:   nicolae_temple_no_exploring_needed

Skill      XL: |  1  2  3  4  5  6 |
---------------+-------------------+-----
Dodging        | 3 |  3.6
Long Blades    | 3 4 |  4.9
Armour         | 1 2 3 |  3.4
Shields        | 1 2 |  2.2
Fighting       | 3 |  3.1
Throwing       | |  1.9

Action                   |  1- 3 |  4- 6 |  7- 9 || total
-------------------------+-------+-------+-------++-------
Melee: Long sword        |   102 |   150 |     6 ||   258
       Tailslap          |     8 |    23 |     1 ||    32
Throw: Throwing net      |       |       |     1 ||     1
Invok: Recall Undead Har |       |     1 |       ||     1
  Use: Potion            |     6 |     1 |     2 ||     9
       Scroll            |     4 |     5 |       ||     9
 Stab: Sleeping          |     1 |       |       ||     1
Armor: Leather armour    |    12 |       |       ||    12
       Ring mail         |    39 |    32 |       ||    71
       Chain mail        |       |    68 |     6 ||    74
Dodge: Dodged            |    77 |    72 |     4 ||   153
Block: Buckler           |       |    39 |     2 ||    41
